 Dungeon Crawl Stone Soup version 0.30-a0-297-g0ec75d9ef4 (webtiles) character file.

Game seed: 17919192095865963263

2572 lonewolfV2 the Protected (level 9, -1/79 HPs)
             Began as an Armataur Fighter on Oct 20, 2022.
             Slain by Maggie
             ... wielding a +1 glaive of distortion
              (11 damage)
             ... on level 7 of the Dungeon.
             The game lasted 00:09:24 (7234 turns).

lonewolfV2 the Protected (Armataur Fighter)         Turns: 7234, Time: 00:09:24

Health: -1/79      AC:  8    Str: 25    XL:     9   Next: 32%
Magic:  9/9        EV: 13    Int: 10    God:
Gold:   347        SH:  6    Dex: 15    Spells: 8/8 levels left

rFire   . . .      SeeInvis .    a - +0 flail
rCold   . . .      Faith    .    c - +1 buckler
rNeg    . . .      Spirit   .    b - +0 scale mail
rPois   .          Reflect  .    (no helmet)
rElec   .          Harm     .    (no cloak)
rCorr   .          Roll     +    (no gloves)
Will    .....                    (no barding)
Stlth   +.........               (no amulet)
HPRegen 0.33/turn                w - +4 ring of evasion
MPRegen 0.11/turn                r - +6 ring of dexterity

@: no status effects
A: large, rugged brown scales 3, deformed body, armoured tail, roll, long
tongue, awkward tongue
a: no special abilities


You were on level 7 of the Dungeon.
You visited 1 branch of the dungeon, and saw 7 of its levels.
You also visited: Sewer.

You collected 347 gold pieces.

Inventory:

Hand Weapons
 a - a +0 flail (weapon)
Armour
 b - a +0 scale mail (worn)
 c - a +1 buckler (worn)
Jewellery
 j - a +4 ring of protection
 r - a +6 ring of dexterity (right hand)
 s - a ring of see invisible
 w - a +4 ring of evasion (left hand)
Wands
 u - a wand of roots (18)
Scrolls
 e - 2 scrolls of fear
 f - 2 scrolls of noise {unknown}
 l - a scroll of identify
 o - a scroll of magic mapping {unknown}
 p - 2 scrolls of poison {unknown}
 q - 2 scrolls of amnesia
 v - a scroll of enchant weapon {unknown}
 x - a scroll of enchant armour
Potions
 g - a potion of degeneration {unknown}
 h - a potion of haste {unknown}
 i - a potion of flight {unknown}
 k - a potion of cancellation {unknown}
 m - a potion of magic
 n - a potion of invisibility {unknown}
 t - a potion of brilliance {unknown}


   Skills:
 + Level 5.5 Fighting
 + Level 7.4 Maces & Flails
 + Level 8.1 Armour
 + Level 2.9 Dodging
 + Level 1.6 Stealth
 + Level 5.3 Shields


You had 8 spell levels left.
You didn't know any spells.
Your spell library contained the following spells:

 Spells                   Type           Power      Damage    Failure   Level
 Beastly Appendage        Tmut           0%         N/A       67%         1
 Kiss of Death            Conj/Necr      0%         2d5       67%         1
 Wereblood                Tmut           0%         N/A       82%         2
 Confusing Touch          Hex            0%         N/A       96%         3
 Spider Form              Tmut/Pois      0%         N/A       96%         3
 Dispel Undead            Necr           0%         3d6       100%        4


Dungeon Overview and Level Annotations

Branches:
Dungeon (7/15)             Temple (0/1) D:7           Sewer (visited)

Altars:
Ashenzari
Elyvilon
Fedhas
Gozag
Kikubaaqudgha
Okawaru
Vehumet
Wu Jian
Zin

Shops:
D:5 :

Annotations:
D:7 3 runed translucent doors, Maggie; gelatine's ghost, novice DjGl; osoart's ghost, novice TrGl


Innate Abilities, Weirdness & Mutations

You are completely covered in rugged brown scales. (AC +3, +7% HP)
Armour fits poorly on your strangely shaped body.
You have a long armoured tail.
You roll when moving toward enemies. (Rampage)
Your long tongue fully drains potion bottles. (2x potion effects)
Your tongue gives you trouble enunciating. (1.5x scroll delay)


Message History

Maggie barely misses you.
You hit Maggie.
Maggie is moderately wounded.
Maggie points at you and mumbles some strange words.
The bolt of fire misses you.
You hit Maggie.
Maggie is moderately wounded.
Maggie closely misses you.
You completely miss Maggie.
Maggie is moderately wounded.
Maggie barely misses you.
You sock Maggie!
Maggie is heavily wounded.
Maggie casts a spell at you. The bolt of fire hits you!!
You hit Maggie.
Maggie is heavily wounded.
You break out of your daze.
Maggie closely misses you.
You hit Maggie.
Maggie is severely wounded.
Maggie hits you with a +1 glaive of distortion.
Space warps horribly around you!
You hit Maggie.
Maggie is severely wounded.
Maggie closely misses you.
You barely miss Maggie.
Maggie is severely wounded.
Maggie zaps a wand.
You easily resist.
You sock Maggie!
Maggie is almost dead.
Maggie hits you with a +1 glaive of distortion!
You blink.
You block the orc's attack. x2
Maggie hits you with a +1 glaive of distortion!
* * * LOW HITPOINT WARNING * * *
Space warps around you.
* * * LOW HITPOINT WARNING * * *
You barely miss the orc.
Maggie hits you with a +1 glaive of distortion!
You die...

#.# #.# #.#
#.# ### #.#
#.. #.#
#.#### #.#
#.#.. #.#
#.#.#
#.###.#@#
#....ยง@o#
#####.#....<.
#........
#########


You could see Maggie and an orc.

Vanquished Creatures
  A two-headed ogre (D:7)
  A wraith (D:7)
  Menkaure (D:7)
  2 water moccasins
  Duvessa (D:6)
  2 ice beasts
  A sky beast (D:6)
  An ogre (D:6)
  2 phantoms
  A bullfrog (D:6)
  A scorpion (D:5)
  A necrophage (D:6)
  Dowan (D:6)
  A howler monkey (D:6)
  A hound (D:6)
  4 jellies
  3 orc priests
  3 iguanas
  4 orc wizards
  4 gnolls (D:3)
  9 adders
  A shadow imp (D:7)
  2 ufetubi
  3 worms
  3 dart slugs
  12 orcs
  5 endoplasms
  5 giant cockroaches
  12 goblins
  8 hobgoblins
  3 jackals
  2 quokkas
  6 ball pythons
  4 bats
  3 frilled lizards
  7 kobolds
  8 rats
129 creatures vanquished.

Vanquished Creatures (others)
  4 toadstools (D:1)
  6 withered plants (D:7)
10 creatures vanquished.

Grand Total: 139 creatures vanquished

Notes
Turn   | Place    | Note
-------+----------+-------------------------------------------
     0 | D:1      | lonewolfV2 the Armataur Fighter began the quest for the
                  | Orb.
     0 | D:1      | Reached XP level 1. HP: 19/19 MP: 1/1
   142 | D:1      | Reached XP level 2. HP: 27/27 MP: 2/2
   612 | D:1      | Reached skill level 4 in Armour
   761 | D:1      | Reached XP level 3. HP: 33/33 MP: 3/3
  1378 | D:2      | Reached XP level 4. HP: 29/40 MP: 4/4
  1884 | D:3      | Found a glowing silver altar of Zin.
  1908 | D:3      | Found an ancient bone altar of Kikubaaqudgha.
  2046 | D:3      | Reached XP level 5. HP: 28/48 MP: 5/5
  2326 | D:3      | Found a glowing drain.
  2346 | Sewer    | Entered a sewer
  2401 | Sewer    | Noticed a water moccasin
  2429 | Sewer    | Killed a water moccasin
  2430 | Sewer    | Reached skill level 5 in Armour
  2430 | Sewer    | Reached skill level 1 in Dodging
  2430 | Sewer    | Reached XP level 6. HP: 42/54 MP: 6/6
  2748 | D:3      | Found an opulent altar of Gozag.
  2752 | D:3      | Identified the +1 short sword of Woe {vorpal, Str+5}
  3033 | D:3      | Reached skill level 1 in Stealth
  3927 | D:5      | Entered Level 5 of the Dungeon
  4061 | D:5      | Reached XP level 7. HP: 58/63 MP: 7/7
  4090 | D:5      | Found Xigguxto's Book Shop.
  4707 | D:6      | Reached skill level 6 in Armour
  4874 | D:6      | Reached skill level 5 in Maces & Flails
  4926 | D:6      | Noticed Dowan
  4927 | D:6      | Noticed Duvessa
  4944 | D:6      | Killed Duvessa
  4949 | D:6      | Killed Dowan
  4950 | D:6      | Reached XP level 8. HP: 61/71 MP: 8/8
  5683 | D:6      | Found a radiant altar of Vehumet.
  5685 | D:6      | Found a white marble altar of Elyvilon.
  5726 | D:6      | Found a blossoming altar of Fedhas.
  5727 | D:6      | Found a broken altar of Ashenzari.
  5727 | D:6      | Found an iron altar of Okawaru.
  5731 | D:6      | Found an ornate altar of the Wu Jian Council.
  5913 | D:7      | Reached skill level 7 in Armour
  5955 | D:7      | Found a staircase to the Ecumenical Temple.
  6410 | D:7      | Noticed Menkaure
  6416 | D:7      | Killed Menkaure
  6417 | D:7      | Reached skill level 5 in Fighting
  6530 | D:7      | Found a runed translucent gate.
  6532 | D:7      | Found a runed translucent gate.
  6533 | D:7      | Found a runed translucent gate.
  6534 | D:7      | Noticed osoart's ghost (novice TrGl)
  6534 | D:7      | Noticed gelatine's ghost (novice DjGl)
  6812 | D:7      | Reached skill level 5 in Shields
  7004 | D:7      | Noticed a two-headed ogre
  7013 | D:7      | Killed a two-headed ogre
  7014 | D:7      | Reached skill level 8 in Armour
  7014 | D:7      | Reached XP level 9. HP: 25/79 MP: 9/9
  7219 | D:7      | Noticed Maggie
  7234 | D:7      | Slain by Maggie

Illustrated notes

Levels and vault maps discovered:
D:1:      ldierk_water_garden, layout_loops_corners,
          hangedman_abyss_or_decor_lesser_grid
D:2:      layout_rooms, corexii_corridor_pit, chequers_serial_rivers_room_b
D:3:      layout_basic, general_overflow_altar, mainiacjoe_overflow_24_doors,
          nicolae_overflow_hidden_temple, cheibrodos_sewer_entry_drain,
          minmay_misc_feat_cross
D:4:      layout_basic
D:5:      layout_rooms, serial_shops, kennysheep_little_box
D:6:      nicolae_cairo_tiling_large, layout_loops_cross, minitemple,
          uniq_duvessa
D:7:      layout_loops_corners, temple_pool_b, gammafunk_ghost_cemetery,
          hangedman_decor_clover_reticule, uniq_maggie, uniq_menkaure

Skill      XL: |  1  2  3  4  5  6  7  8 |
---------------+-------------------------+-----
Fighting       | 3 4 5 |  5.5
Maces & Flails | 2 3 4 5 7 |  7.4
Armour         | 4 5 6 8 |  8.1
Dodging        | 1 2 |  2.9
Shields        | 4 5 |  5.3
Stealth        | 1 |  1.6

Action                   |  1- 3 |  4- 6 |  7- 9 || total
-------------------------+-------+-------+-------++-------
Melee: Flail             |   182 |   178 |   234 ||   594
       Tailslap          |    13 |    14 |    29 ||    56
  Use: Scroll            |     5 |     3 |       ||     8
       Potion            |       |     3 |     8 ||    11
Armor: Scale mail        |   150 |   108 |    93 ||   351
Dodge: Dodged            |    82 |    55 |   107 ||   244
Block: Buckler           |    46 |    51 |    57 ||   154

Table legend: (Time is in decaauts)
 A = Elapsed time spent in this place.
 B = Non-inter-level travel time spent in this place.
 C = Inter-level travel time spent in this place.
 D = Time resting spent in this place.
 E = Time spent auto-exploring this place.
 F = Levels seen in this place.
 G = Mean time per level.
                   A        B        C        D        E       F      G
               +--------+--------+--------+--------+--------+-----+--------+
         Total |   7399 |   7277 |    122 |    713 |   5053 |   8 |  924.9 |
       Dungeon |   7004 |   6882 |    122 |    475 |   4974 |   7 | 1000.6 |
         Sewer |    395 |    395 |      0 |    238 |     78 |   1 |  395.0 |
               +--------+--------+--------+--------+--------+-----+--------+

Top non-repeatable levels by time:
     D:7: 1413 daAuts
     D:6: 1327 daAuts
     D:1: 1074 daAuts
     D:3: 1036 daAuts
     D:2: 790 daAuts
     D:4: 745 daAuts
     D:5: 615 daAuts
   Sewer: 395 daAuts
